 Dungeon Crawl Stone Soup version 0.30-a0-912-ge10d75a369 (webtiles) character file.

Game seed: 7973609192189316532

3227 GenialerGandalf the Cleaver (level 9, 0/79 HPs)
             Began as a Hill Orc Fighter on Mar 19, 2023.
             Was a Follower of Beogh.
             Slain by a killer bee (5 damage)
             ... on level 8 of the Dungeon.
             The game lasted 00:18:09 (6972 turns).

GenialerGandalf the Cleaver (Hill Orc Fighter)      Turns: 6972, Time: 00:18:10

Health: 0/79       AC:  9    Str: 23    XL:     9   Next: 98%
Magic:  11/11      EV:  8    Int:  8    God:    Beogh [*.....]
Gold:   446        SH: 11    Dex: 10    Spells: 8/8 levels left

rFire   . . .      SeeInvis +    a - +0 war axe
rCold   . . .      Faith    .    v - +2 kite shield {rPois}
rNeg    . . .      Spirit   .    b - +0 scale mail
rPois   +          Reflect  .    s - +0 helmet
rElec   .          Rampage  .    (no cloak)
rCorr   .                        (no gloves)
Will    .....                    (no boots) Stlth
                                 u - amulet of regeneration
HPRegen 1.13/turn                q - ring of flight
MPRegen 0.12/turn                w - ring of see invisible

@: lethally poisoned (0 -> 0), flying
A: no striking features
a: Renounce Religion


You were on level 8 of the Dungeon.
You worshipped Beogh.
Beogh was aware of your devotion.
You visited 2 branches of the dungeon, and saw 9 of its levels.
You also visited: Sewer.

You collected 446 gold pieces.

Inventory:

Hand Weapons
 a - a +0 war axe (weapon)
 m - the +6 mace of Wuaso {drain, Contam Int+7 Dex+3}
   (You found it on level 2 of the Dungeon)

   Int:       It affects your intelligence (+7).
   Dex:       It affects your dexterity (+3).
   Contam:    It causes magical contamination when unequipped.
Armour
 b - a +0 scale mail (worn)
 c - a +1 buckler
 g - a +0 hat of willpower
 s - a +0 helmet (worn)
 v - a +2 kite shield of poison resistance (worn)
Jewellery
 q - a ring of flight (left hand)
 u - an amulet of regeneration (around neck)
 w - a ring of see invisible (right hand)
 F - a +6 ring of intelligence
Wands
 e - a wand of polymorph (8)
 H - a wand of roots (2)
Scrolls
 i - a scroll of amnesia {unknown}
 p - 2 scrolls of brand weapon {unknown}
 r - 2 scrolls of blinking
 t - 4 scrolls of teleportation
 x - a scroll of immolation {unknown}
 y - a scroll of summoning
 C - a scroll of fear
 D - 2 scrolls of fog {unknown}
 I - 2 scrolls of identify
 J - a scroll of noise {unknown}
 K - a scroll of torment {unknown}
Potions
 d - 2 potions of might
 f - 3 potions of haste {unknown}
 h - 3 potions of curing {unknown}
 j - 2 potions of cancellation {unknown}
 k - 2 potions of magic
 l - 2 potions of brilliance {unknown}
 n - 3 potions of resistance {unknown}
 o - 2 potions of flight {unknown}
 z - 3 potions of attraction
 A - 3 potions of heal wounds {unknown}
 B - 2 potions of invisibility {unknown}
 E - 3 potions of degeneration {unknown}
 G - a potion of mutation {unknown}


   Skills:
 * Level 7.3 Fighting
 * Level 11.5 Axes
 * Level 7.3 Armour
 * Level 7.4 Shields
 * Level 3.9 Invocations


You had 8 spell levels left.
You didn't know any spells.
Your spell library contained the following spells:

 Spells                   Type           Power      Damage    Failure   Level
 Apportation              Tloc           0%         N/A       94%         1
 Magic Dart               Conj           0%         1d3       94%         1
 Necrotise                Necr           0%         1d4       94%         1
 Sandblast                Erth           0%         2d4       94%         1
 Summon Small Mammal      Summ           0%         N/A       94%         1
 Passwall                 Tmut/Erth      0%         N/A       98%         2
 Searing Ray              Conj           0%         2d4       98%         2
 Spider Form              Tmut/Pois      0%         N/A       100%        3
 Stone Arrow              Conj/Erth      0%         3d7       100%        3
 Fulminant Prism          Conj/Hex       0%         3d5       100%        4
 Petrify                  Tmut/Erth      0%         N/A       100%        4
 Alistair's Intoxication  Tmut/Pois      0%         N/A       100%        5
 Blade Hands              Tmut           0%         N/A       100%        5
 Iskenderun's Battlesphe  Conj           0%         2d6       100%        5
 Iron Shot                Conj/Erth      0%         9d1       100%        6
 Spellforged Servitor     Conj/Summ      0%         N/A       100%        7


Dungeon Overview and Level Annotations

Branches:
Dungeon (8/15)             Temple (1/1) D:5           Sewer (visited)
   Lair: D:8-11

Altars:
Ashenzari
Cheibriados
Dithmenos
Elyvilon
Fedhas
Gozag
Hepliaklqana
Kikubaaqudgha
Nemelex Xobeh
Okawaru
Ru
Sif Muna
Trog
Uskayaw
Vehumet
Wu Jian
Xom
Yredelemnul
Zin
The Shining One

Shops:
D:1 :   D:5 !


Message History

The orc wizard is moderately wounded.
You hit the orc but do no damage.
You feel very sick. You block the orc's attack.
The orc wizard barely misses you. The killer bee barely misses you.
The orc wizard gestures at you while chanting.
You easily resist.
The orc hits you but does no damage.
You slash the killer bee!
The killer bee is heavily wounded.
You closely miss the orc wizard. You completely miss the orc.
You feel sick. You block the killer bee's attack.
The killer bee stings you but does no damage.
The orc hits you but does no damage. The orc wizard completely misses you.
You miss the killer bee.
The killer bee is heavily wounded.
You slash the orc! You slash the orc wizard!
You feel sick. You block the killer bee's attack.
The killer bee barely misses you. You block the orc's attack.
You miss the killer bee.
The killer bee is heavily wounded.
You slash the orc wizard!
You kill the orc wizard!
Beogh accepts your kill.
You hit the orc. You slash the orc!
You kill the orc!
Beogh accepts your kill.
You feel sick.
The killer bee stings you but does no damage.
You block the killer bee's attack. The orc hits you but does no damage.
You hit the orc.
The orc is severely wounded.
You barely miss the killer bee.
You feel sick. The killer bee stings you.
* * * LOW HITPOINT WARNING * * *
The killer bee stings you.
* * * LOW HITPOINT WARNING * * *
You block the orc's attack.
You barely miss the killer bee.
The killer bee is heavily wounded.
You hit the orc but do no damage.
You feel sick. The killer bee stings you.
You die...

#....<.###
#.###.....## ####
#......## ...
###......####.#
..........†..y.#
.>###......##†.##
##
#.#...####.###...#
#.##.#####.....#
#. #.#.)@y.#...#
#......#o).#.###
#.#.. #.### . l.#$
#.. #. # ..# .#
...# # #.### #.


You could see a killer bee and an orc.

Vanquished Creatures
  Sigmund (D:5)
  A wyvern (D:8)
  A water moccasin (D:6)
  Duvessa (D:5)
  An ice beast (D:6)
  A black bear (D:5)
  2 ogres
  A centaur (D:6)
  3 bullfrogs
  2 scorpions
  9 wights
  Dowan (D:5)
  4 killer bees (D:8)
  3 howler monkeys
  4 jellies
  5 hounds
  A gnoll bouda (D:7)
  3 orc priests (D:7)
  3 iguanas
  9 orc wizards
  7 gnolls
  15 adders
  9 river rats
  3 shadow imps
  An ufetubus (D:5)
  2 worms
  A dart slug (D:4)
  17 orcs
  8 bats
  10 endoplasms
  5 giant cockroaches
  4 goblins
  3 hobgoblins
  6 jackals
  10 kobolds
  5 quokkas
  20 ball pythons
  9 frilled lizards
  34 rats
225 creatures vanquished.

Vanquished Creatures (others)
  An orc priest (D:5)
1 creature vanquished.

Grand Total: 226 creatures vanquished

Notes
Turn   | Place    | Note
-------+----------+-------------------------------------------
     0 | D:1      | GenialerGandalf the Hill Orc Fighter began the quest for
                  | the Orb.
     0 | D:1      | Reached XP level 1. HP: 19/19 MP: 1/1
    99 | D:1      | Reached XP level 2. HP: 20/27 MP: 2/2
   144 | D:1      | Found a faded altar of an unknown god.
   228 | D:1      | Reached skill level 3 in Axes
   248 | D:1      | Found Tocojak's Book Emporium.
   365 | D:1      | Reached XP level 3. HP: 33/33 MP: 3/3
   670 | D:2      | Reached skill level 4 in Axes
   670 | D:2      | Reached XP level 4. HP: 9/40 MP: 4/4
  1190 | D:2      | Identified the +6 mace of Wuaso {drain, Contam Int+7 Dex+3}
  1434 | D:2      | Reached XP level 5. HP: 47/47 MP: 5/5
  1670 | D:3      | Identified the +6 short sword of Death's Door {venom,
                  | Int+4}
  1847 | D:3      | Reached skill level 5 in Axes
  2048 | D:3      | Found a glowing drain.
  2058 | Sewer    | Entered a sewer
  2170 | Sewer    | Reached XP level 6. HP: 53/53 MP: 6/6
  2239 | Sewer    | Reached skill level 6 in Axes
  2368 | Sewer    | Reached XP level 7. HP: 15/60 MP: 7/7
  2583 | D:3      | Reached skill level 5 in Fighting
  2724 | D:3      | Found a basalt altar of Yredelemnul.
  2923 | D:4      | Reached skill level 7 in Axes
  3022 | D:4      | Reached skill level 5 in Armour
  3066 | D:4      | Reached skill level 5 in Shields
  3169 | D:4      | Reached skill level 8 in Axes
  3180 | D:4      | Reached XP level 8. HP: 50/69 MP: 8/8
  3377 | D:5      | Entered Level 5 of the Dungeon
  3436 | D:5      | Identified the +5 ring mail of Day {Str+2}
  3557 | D:5      | Noticed Duvessa
  3558 | D:5      | Noticed Dowan
  3698 | D:5      | Killed Duvessa
  3706 | D:5      | Killed Dowan
  3775 | D:5      | Became a worshipper of Beogh the Brigand
  3860 | D:5      | Found a shimmering blue altar of Sif Muna.
  3865 | D:5      | Reached skill level 9 in Axes
  3876 | D:5      | Got Sif Muna's Grimoire of Accomplices
  3896 | D:5      | Found an ancient bone altar of Kikubaaqudgha.
  3917 | D:5      | Found a radiant altar of Vehumet.
  4029 | D:5      | Found a staircase to the Ecumenical Temple.
  4083 | D:5      | Noticed Sigmund
  4084 | D:5      | Found Loohaz's Distillery.
  4096 | D:5      | Killed Sigmund
  4097 | D:5      | Reached skill level 1 in Invocations
  4388 | Temple   | Entered the Ecumenical Temple
  4918 | D:6      | Reached XP level 9. HP: 44/75 MP: 10/10
  5052 | D:6      | Reached skill level 10 in Axes
  5949 | D:7      | Reached * piety under Beogh
  6051 | D:7      | Found a snail-covered altar of Cheibriados.
  6055 | D:7      | Found a hazy altar of Hepliaklqana.
  6055 | D:7      | Found a hide-covered altar of Uskayaw.
  6066 | D:7      | Found a sacrificial altar of Ru.
  6069 | D:7      | Found a broken altar of Ashenzari.
  6144 | D:7      | Got the Commentary on the Shapeshifter
  6269 | D:7      | Reached skill level 11 in Axes
  6747 | D:8      | HP: 2/79 [poisoned by a killer bee]
  6752 | D:8      | HP: 1/79 [poisoned by a killer bee]
  6972 | D:8      | Slain by a killer bee

Illustrated notes

Levels and vault maps discovered:
D:1:      dpeg_arrival_round_a, layout_rooms, basic_ecumenical_altar,
          serial_shops, shop, kennysheep_crisscross
D:2:      minmay_wonky_spiral, layout_loops_ring, kennysheep_cross_room,
          kennysheep_generic_room_9
D:3:      layout_basic, lemuel_coloured_pillars_altar, portal_sewer_entry_b
D:4:      layout_rooms
D:5:      layout_basic, palyth_temple_overflow_mages,
          minmay_temple_entry_nine_rooms, serial_shops,
          nicolae_shop_window_shopping, uniq_sigmund, uniq_duvessa
D:6:      layout_gridville, roderic_malta_cross
D:7:      layout_layer_cave, minmay_overflow_temple_star_hex,
          chequers_mini_garden
D:8:      minmay_clustersquares, layout_loops_ring, mainiacjoe_overflow_paths,
          grunt_qazlal_clouds, minmay_misc_feat_columns, hangedman_decor_points
Temple:   chequers_temple_sunken

Skill      XL: |  1  2  3  4  5  6  7  8  9 |
---------------+----------------------------+-----
Axes           | 3 4 5 6 8 9 11 | 11.5
Fighting       | 4 5 6 7 |  7.3
Armour         | 4 5 6 7 |  7.3
Shields        | 4 5 6 7 |  7.4
Invocations    | 1 3 |  3.9

Action                     |  1- 3 |  4- 6 |  7- 9 || total
---------------------------+-------+-------+-------++-------
  Melee: War axe           |    84 |   214 |   347 ||   645
 Invoke: Convert to Beogh  |       |       |     1 ||     1
    Use: Scroll            |     2 |       |     7 ||     9
 Armour: Scale mail        |    54 |   113 |   133 ||   300
  Dodge: Dodged            |    62 |   114 |   121 ||   297
  Block: Buckler           |    24 |    17 |       ||    41
         Kite shield       |       |   111 |   258 ||   369

Table legend: (Time is in decaauts)
 A = Elapsed time spent in this place.
 B = Non-inter-level travel time spent in this place.
 C = Inter-level travel time spent in this place.
 D = Time resting spent in this place.
 E = Time spent auto-exploring this place.
 F = Levels seen in this place.
 G = Mean time per level.
                   A        B        C        D        E       F      G
               +--------+--------+--------+--------+--------+-----+--------+
         Total |   7140 |   6894 |    246 |    374 |   4245 |  10 |  714.0 |
       Dungeon |   6349 |   6104 |    245 |    374 |   4073 |   8 |  793.6 |
        Temple |    402 |    402 |      0 |      0 |    172 |   1 |  402.0 |
         Sewer |    387 |    387 |      0 |      0 |      0 |   1 |  387.0 |
               +--------+--------+--------+--------+--------+-----+--------+

Top non-repeatable levels by time:
     D:7: 1220 daAuts
     D:5: 1060 daAuts
     D:2: 1049 daAuts
     D:6: 857 daAuts
     D:3: 851 daAuts
     D:1: 659 daAuts
     D:4: 563 daAuts
  Temple: 402 daAuts
   Sewer: 387 daAuts
     D:8: 87 daAuts
